 Dungeon Crawl Stone Soup version 0.21-a0-529-g8c7b3f5 (webtiles) character file.

60 slep the Chopper (level 3, 0/27 HPs)
             Began as a Demonspawn Gladiator on Dec 11, 2017.
             Slain by a hound (1 damage)
             ... on level 2 of the Dungeon.
             The game lasted 00:03:03 (785 turns).

slep the Chopper (Demonspawn Gladiator)              Turns: 785, Time: 00:03:04

Health: 0/27       AC:  7    Str: 15    XL:     3   Next: 82%
Magic:  3/3        EV: 13    Int:  9    God:
Gold:   46         SH:  0    Dex: 14    Spells: 2/2 levels left

rFire    . . .     SeeInvis .   a - +0 war axe
rCold    . . .     Gourm    .   (no shield)
rNeg     . . .     Faith    .   b - +0 leather armour
rPois    +         Spirit   .   c - +0 helmet
rElec    .         Reflect  .   (no cloak)
rCorr    .         Harm     .   o - +0 pair of gloves
MR       .....                  (no boots)
Stlth    +.........             (no amulet)
HPRegen  0.09/turn              p - ring of poison resistance
MPRegen  0.08/turn              (no ring)

@: no status effects
A: talons 1, molten scales 1
a: no special abilities


You were on level 2 of the Dungeon.
You were not hungry.

You visited 1 branch of the dungeon, and saw 2 of its levels.

You collected 46 gold pieces.

Inventory:

Hand Weapons
 a - a +0 war axe (weapon)
Missiles
 d - 3 throwing nets (quivered)
Armour
 b - a +0 leather armour (worn)
 c - a +0 helmet (worn)
 o - a +0 pair of gloves (worn)
Jewellery
 p - a ring of poison resistance (left hand)
Scrolls
 e - a scroll of enchant armour {unknown}
 h - a scroll of enchant weapon {unknown}
 k - a scroll of blinking {unknown}
 n - a scroll of identify {unknown}
Potions
 g - 2 potions of degeneration {unknown}
 i - 2 potions of ambrosia {unknown}
 j - a potion of might {unknown}
 l - a potion of mutation {unknown}
 m - a potion of lignification {unknown}
Comestibles
 f - 2 bread rations
 q - a fruit


   Skills:
 + Level 2.1 Fighting
 + Level 3.7 Axes
 + Level 1.8 Throwing
 + Level 1.0 Armour
 + Level 3.0 Dodging
 + Level 0.3 Stealth


You had 2 spell levels left.
You didn't know any spells.

Dungeon Overview and Level Annotations

Branches:
Dungeon (2/15)

Altars:
Ashenzari
Makhleb


Innate Abilities, Weirdness & Mutations

You have sharp toenails.
You are partially covered in molten scales. (AC +2)


Message History

You miss the hound. The hound bites you.
* * * LOW HITPOINT WARNING * * *
The hound bites you.
* * * LOW HITPOINT WARNING * * *
You hit the hound. Your kick misses the hound.
The hound is lightly wounded.
The hound bites you but does no damage. The hound bites you.
* * * LOW HITPOINT WARNING * * *
You closely miss the hound. Your kick misses the hound.
The hound is lightly wounded.
The hound bites you.
* * * LOW HITPOINT WARNING * * *
The hound closely misses you.
You hit the hound. You claw the hound.
The hound is heavily wounded.
The hound closely misses you. The hound bites you but does no damage.
You closely miss the hound.
The hound is heavily wounded.
The hound bites you.
You die...

#......#.....#......
#......#.....#......
#####†...........#
#####.#..........#
.....(#..#########
###.......# ###
#.......# ##.##
#....)..###...##
#.......##..#.@#
#.......#..###h#
#..........# ...#
#.........###.†..#
#.........# ##._.#
#........## ##∩##
########## ##


You could see a hound.

Vanquished Creatures
  3 adders (D:2)
  A worm (D:2)
  A dart slug (D:1)
  A ball python (D:1)
  A giant cockroach (D:1)
  4 goblins
  3 hobgoblins
  2 jackals (D:1)
  4 kobolds
  2 bats (D:2)
  5 frilled lizards
  A rat (D:1)
28 creatures vanquished.

Notes
Turn   | Place    | Note
-------+----------+-------------------------------------------
     0 | D:1      | slep the Demonspawn Gladiator began the quest for the Orb.
     0 | D:1      | Reached XP level 1. HP: 16/16 MP: 1/1
   226 | D:1      | Gained mutation: You have sharp toenails. [demonic ancestry]
   226 | D:1      | Reached XP level 2. HP: 11/22 MP: 2/2
   677 | D:2      | Gained mutation: You are partially covered in molten scales. (AC +2) [demonic ancestry]
   677 | D:2      | Reached XP level 3. HP: 24/27 MP: 3/3
   692 | D:2      | Found a shattered altar of Ashenzari.
   770 | D:2      | Reached skill level 1 in Armour
   777 | D:2      | Found a burning altar of Makhleb.
   783 | D:2      | HP: 1/27 [hound (1)]
   785 | D:2      | Slain by a hound

Vault maps used:
D:1:      lightli_arrival_noodles, minivault_11
D:2:      lemuel_coloured_pillars_altar, nicolae_ashenzari_panopticon,
          makhleb_blood_cavern_becter

Skill      XL: |  1  2  3 |
---------------+----------+-----
Axes           | 3 |  3.7
Dodging        | 3 |  3.0
Armour         | 1 |  1.0
Fighting       | |  2.1
Throwing       | |  1.8
Stealth        | |  0.3

Action                   || total
-------------------------++-------
Melee: War axe           ||    85
       Kick              ||    12
 Stab: Sleeping          ||     1
Armor: Leather armour    ||    17
Dodge: Dodged            ||    60

Table legend:
 A = Spawn XP
 B = Non-spawn XP
 C = Spawn XP percentage of total XP
 D = Spawn monster count
 E = Non-spawn monster count
 F = Spawn count percentage of total count
 G = Total turns spent on level
                    A         B        C        D         E        F      G
               +---------+---------+-------+---------+---------+-------+---------
         Total |       0 |      87 |   0.0 |       0 |      28 |   0.0 |   785
               +---------+---------+-------+---------+---------+-------+---------
           D:1 |       0 |      31 |   0.0 |       0 |      17 |   0.0 |   659
           D:2 |       0 |      56 |   0.0 |       0 |      11 |   0.0 |   126
               +---------+---------+-------+---------+---------+-------+---------
